Map: Pillars of Gold LE

Players

Serral - Winner!

  • Race: Zerg Zerg
  • Spawn Location: 1:00

cure

  • Race: Terran Terran
  • Spawn Location: 7:00

Event: DreamHack SC2 Masters 2020 Summer Season Finals

VOD

https://www.twitch.tv/videos/684340776?t=2h49m36s

Description

Time

  • Played on: July 19, 2020, 11:34 a.m.
  • Length: 11:08

All games in this series

Show
View Real Time Build Order
Export as new Build Order

Serral Zerg - Winner!

Build Orders: Hatch First, Muta Ling Bane 

Get SALT Encoding   

  12  0:00  Drone  
  13  0:12  Overlord  
  13  0:17  Drone  
  14  0:30  Drone  
  14  0:31  Drone  
  16  0:49  Hatchery  
  15  0:53  Drone  
  15  0:56  Drone  
  17  1:00  Drone  
  18  1:10  Extractor  
  17  1:15  Spawning Pool  
  16  1:18  Drone  
  16  1:22  Drone  
  19  1:39  Drone  
  20  2:02  Queen x2  
  20  2:03  Zergling x6  
  27  2:11  Zergling x2  
  25  2:38  Drone x2  
  25  2:41  Drone x2  
  25  2:43  Drone  
  27  2:55  Overlord  
  27  2:59  Extractor  
  27  3:02  Zergling x2  
  27  3:14  Queen  
  27  3:15  Drone x3  
  27  3:19  Overlord  
  32  3:23  Drone  
  32  3:24  Drone  
  34  3:27  Drone  
  35  3:37  Drone, Overlord  
  35  3:38  Drone  
  37  3:42  Drone x2  
  39  3:56  Hatchery  
  39  3:58  Drone  
  39  4:00  Drone  
  39  4:02  Drone  
  41  4:03  Drone  
  41  4:09  Queen  
  42  4:13  Zergling x4  
  42  4:15  Zergling x2  
  47  4:20  Zergling x2  
  47  4:22  Zergling x2  
  49  4:25  Drone x3  
  49  4:29  Extractor  
  51  4:34  Baneling Nest  
  51  4:35  Drone, Zergling x2  
  51  4:38  Overlord  
  52  4:41  Lair  
  52  4:51  Overlord  
  52  4:56  Queen  
  52  4:58  Drone x5  
  52  4:59  Drone  
  60  5:02  Metabolic Boost  
  60  5:08  Drone, Spore Crawler  
  60  5:09  Drone  
  61  5:14  Queen  
  61  5:16  Drone  
  61  5:18  Drone  
  61  5:20  Drone  
  65  5:22  Extractor  
  65  5:26  Zergling x4  
  66  5:35  Zergling x4  
  65  5:37  Drone x2  
  65  5:38  Drone x2  
  65  5:39  Drone  
  65  5:42  Drone x2  
  69  5:44  Drone  
  69  5:46  Drone  
  69  5:51  Drone  
  69  5:52  Centrifical Hooks  
  69  5:54  Overseer, Drone  
  71  5:58  Drone  
  71  6:01  Overlord  
  71  6:02  Evolution Chamber  
  71  6:03  Evolution Chamber  
  70  6:08  Overlord  
  70  6:09  Drone  
  71  6:13  Drone  
  71  6:16  Drone  
  73  6:19  Spore Crawler  
  73  6:20  Drone x2, Spore Crawler  
  73  6:21  Drone  
  73  6:23  Overlord  
  73  6:24  Overlord  
  73  6:25  Overlord  
  74  6:27  Drone x2  
  75  6:32  Zerg Melee Weapons Level 1  
  75  6:33  Zerg Ground Armor Level 1  
  75  6:41  Drone  
  75  6:43  Drone, Spire  
  77  6:47  Drone x2, Extractor x2  
  77  6:49  Drone  
  77  6:50  Drone x2  
  79  6:55  Zergling x4  
  79  6:56  Drone x2  
  79  6:57  Drone  
  79  6:59  Extractor  
  79  7:00  Drone x2  
  85  7:04  Overseer, Spore Crawler  
  84  7:08  Zergling x4  
  84  7:10  Drone x3  
  84  7:11  Drone  
  90  7:18  Overlord  
  90  7:20  Overlord  
  90  7:21  Drone x2  
  91  7:31  Drone x2  
  91  7:34  Zergling x8  
  91  7:42  Drone  
  92  7:44  Overlord  
  92  7:46  Drone  
  92  7:48  Spore Crawler  
  92  7:51  Hatchery  
  92  7:58  Zerg Flyer Weapons Level 1  
  91  8:02  Mutalisk x4  
  99  8:06  Mutalisk  
  99  8:07  Mutalisk  
  103  8:14  Mutalisk x2, Roach Warren  
  103  8:15  Mutalisk x2  
  103  8:18  Drone x6  
  103  8:19  Extractor  
  115  8:25  Drone, Extractor  
  115  8:26  Drone  
  116  8:30  Spore Crawler  
  116  8:31  Queen x2  
  116  8:32  Queen  
  121  8:39  Overlord  
  122  8:42  Overlord x3  
  122  8:43  Overlord  
  122  8:45  Drone  
  120  8:48  Drone  
  120  8:49  Drone  
  120  8:50  Overlord  
  120  8:54  Overlord  
  122  8:58  Drone  
  122  9:00  Drone x2  
  125  9:06  Glial Reconstitution  
  125  9:07  Zerg Missile Weapons Level 1  
  118  9:17  Drone x2  
  118  9:18  Overlord  
  118  9:19  Overlord  
  118  9:21  Drone  
  115  9:26  Corruptor x4  
  123  9:33  Extractor  
  123  9:35  Corruptor x2  
  124  9:45  Corruptor x3  
  125  9:51  Roach x4  
  133  9:56  Roach x3  
  139  10:03  Roach x4  
  139  10:06  Roach  
  139  10:07  Roach x2  
  153  10:12  Roach x3  
  157  10:16  Ravager x3  
  157  10:19  Overlord  
  160  10:22  Roach x5  
  160  10:24  Ravager x2  
  172  10:29  Roach x3  
  172  10:35  Roach x2, Zergling x8  
  186  10:42  Ravager x3  
  189  10:47  Roach x2, Zergling x6  
Show
View Real Time Build Order
Export as new Build Order

cure Terran 

Build Orders: Mech 

Get SALT Encoding   

  12  0:00  SCV  
  13  0:13  SCV  
  14  0:18  Supply Depot  
  14  0:25  SCV  
  15  0:40  Barracks  
  15  0:52  Barracks  
  15  0:56  SCV  
  16  1:03  Refinery  
  16  1:08  SCV  
  17  1:21  SCV  
  18  1:26  Marine  
  19  1:33  Orbital Command  
  19  1:39  Marine  
  20  1:41  Supply Depot  
  20  1:44  Marine  
  21  1:56  Marine  
  21  2:00  SCV  
  23  2:03  Bunker  
  23  2:05  Marine  
  24  2:13  Bunker  
  24  2:14  Marine  
  25  2:19  Bunker  
  25  2:20  SCV  
  26  2:22  Marine  
  27  2:35  Factory  
  24  2:43  SCV  
  22  2:55  SCV  
  22  2:56  Command Center  
  23  3:07  SCV  
  23  3:10  Refinery  
  24  3:19  SCV, Factory Reactor  
  25  3:20  Starport  
  25  3:25  Supply Depot  
  25  3:31  SCV  
  26  3:43  SCV  
  29  3:55  SCV  
  29  3:56  Hellion x2, Medivac  
  34  4:07  SCV  
  34  4:08  Fusion Core  
  34  4:09  Orbital Command  
  35  4:20  Hellion x2  
  35  4:23  SCV  
  40  4:28  Starport Tech Lab  
  40  4:29  Orbital Command  
  40  4:37  SCV  
  41  4:41  Hellion x2  
  45  4:48  Supply Depot  
  45  4:49  SCV  
  46  4:55  SCV  
  47  5:07  SCV x2  
  47  5:10  Battlecruiser  
  55  5:16  Supply Depot  
  59  5:22  SCV x2  
  57  5:38  Command Center, SCV x2  
  59  5:47  Refinery x2  
  55  5:50  SCV x2  
  55  5:53  Hellion x2  
  55  5:54  Supply Depot  
  61  6:02  SCV  
  61  6:03  SCV  
  63  6:14  SCV  
  63  6:15  SCV  
  63  6:16  Battlecruiser  
  71  6:26  SCV  
  71  6:27  SCV  
  71  6:31  Factory  
  73  6:33  Factory, Barracks Tech Lab  
  73  6:34  Barracks Tech Lab  
  73  6:38  SCV  
  73  6:39  SCV  
  75  6:47  Armory  
  75  6:48  Supply Depot  
  75  6:51  Orbital Command  
  75  6:52  SCV x2  
  77  7:02  Armory  
  77  7:04  SCV  
  77  7:05  SCV  
  81  7:08  Hellion  
  81  7:09  Hellion  
  83  7:16  SCV  
  83  7:17  Orbital Command, SCV  
  85  7:23  Battlecruiser  
  91  7:30  SCV x2  
  85  7:39  Siege Tank x2  
  85  7:42  SCV x2  
  93  7:47  SCV  
  93  7:50  Supply Depot  
  94  7:52  Refinery  
  94  7:54  SCV x2, Weapon Refit  
  96  7:59  Hellion x2  
  96  8:02  Refinery, SCV  
  101  8:06  Supply Depot, Terran Vehicle Weapons Level 1  
  101  8:11  SCV x2  
  101  8:12  Terran Vehicle And Ship Armor Level 1  
  103  8:14  SCV  
  103  8:17  Supply Depot  
  104  8:20  Engineering Bay  
  104  8:23  Widow Mine x2, SCV  
  109  8:27  SCV  
  109  8:28  Cyclone  
  109  8:31  Cyclone  
  116  8:35  Supply Depot  
  116  8:36  Supply Depot, SCV  
  116  8:38  SCV  
  118  8:43  Supply Depot  
  118  8:49  Missile Turret  
  118  8:54  SCV, Missile Turret  
  118  8:55  SCV x2  
  120  9:02  Cyclone  
  119  9:04  Cyclone, Widow Mine x2  
  119  9:09  SCV x2  
  123  9:10  SCV  
  119  9:19  Missile Turret  
  119  9:21  SCV  
  119  9:22  SCV x2  
  112  9:27  Factory  
  112  9:28  Factory  
  111  9:35  SCV x3  
  114  9:42  Cyclone x2, Widow Mine  
  114  9:43  Infernal Pre-Igniter, Widow Mine, Drilling Claws  
  123  9:54  SCV x3  
  126  10:05  Starport Reactor  
  126  10:12  SCV x3  
  128  10:20  Missile Turret  
  127  10:27  Factory Reactor  
  126  10:29  SCV  
  126  10:30  SCV x2  
  127  10:36  Siege Tank  
  127  10:37  Hellion x2  
  135  10:49  Supply Depot  
  135  10:52  Command Center  
Tags
 
Add a new tag
Caveats
  • Supply blocks, unpowered buildings, or Contaminate may cause inaccurate times.
  • Supply counts are checked every 10 seconds.